 Dungeon Crawl Stone Soup version 0.31-a0-263-ge8cad7f256 (webtiles) character file.

Game seed: 878245795935497060

4606 qw the Skirmisher (level 10, -4/88 HPs)
             Began as a Minotaur Hexslinger on July 13, 2023.
             Was a Believer of Okawaru.
             Slain by a death yak (26 damage)
             ... on level 8 of the Dungeon.
             The game lasted 00:02:08 (5286 turns).

qw the Skirmisher (Minotaur Hexslinger)             Turns: 5286, Time: 00:02:09

Health: -4/88      AC:  8    Str: 19    XL:     10   Next: 19%
Magic:  8/10       EV: 20    Int: 10    God:    Okawaru [**....]
Gold:   222        SH:  0    Dex: 24    Spells: 10/11 levels left

rFire   . . .        Y - +4 longbow (flame)
rCold   x . .        (shield currently unavailable)
rNeg    + . .        k - +0 ring mail "Kiaqehea" {+Blink rC- Regen+ Dex+8}
rPois   .            b - +2 hat of the Endless Expanse {Str+5}
rElec   .            (no cloak)
rCorr   .            (no gloves)
SInv    .            (no boots)
Will    .....        (no amulet)
Stlth   +++          e - ring of positive energy
HPRegen 1.14/turn    (no ring)
MPRegen 0.12/turn

%: no passive effects
@: heroic
A: horns 2, retaliatory headbutt
a: Renounce Religion, Evoke Blink, Heroism


You were on level 8 of the Dungeon.
You worshipped Okawaru.
Okawaru was pleased with you.
You visited 2 branches of the dungeon, and saw 9 of its levels.

You collected 222 gold pieces.


Innate Abilities, Weirdness & Mutations

You have a pair of horns on your head.
You reflexively headbutt those who attack you in melee.


   Skills:
 - Level 8.2(13.2) Fighting
 - Level 13.0(18.0) Ranged Weapons
 + Level 2.4(7.4) Armour
 - Level 6.0(11.0) Dodging
 - Level 1.0 Spellcasting
 - Level 2.0 Hexes
 + Level 2.2 Invocations


You had 10 spell levels left.
You knew the following spells:

 Your Spells              Type           Power      Damage    Failure   Level
a - Slow                  Hex            16%        N/A       24%         1

Your spell library contained the following spells:

 Spells                   Type           Power      Damage    Failure   Level
 Inner Flame              Hex/Fire       2%         N/A       73%         3
 Portal Projectile        Hex/Tloc       4%         N/A       73%         3
 Cause Fear               Hex            2%         N/A       94%         4

Inventory:

Hand Weapons
 Y - a +4 longbow of flaming (weapon)
Armour
 b - the +2 hat of the Endless Expanse (worn) {Str+5}
   (You acquired it on level 2 of the Dungeon)

   Str:       It affects your strength (+5).
 k - the +0 ring mail "Kiaqehea" (worn) {+Blink rC- Regen+ Dex+8}
   (You found it on level 2 of the Dungeon)

   Dex:       It affects your dexterity (+8).
   rC:        It makes you vulnerable to cold.
   +Blink:    It lets you blink.
   Regen:     It increases your rate of health regeneration.
Jewellery
 e - a ring of positive energy (left hand)
Scrolls
 c - a scroll of identify
Potions
 a - a potion of haste
 f - a potion of curing
 g - a potion of resistance {unknown}
 h - a potion of cancellation {unknown}
 j - a potion of enlightenment
 l - a potion of might

Dungeon Overview and Level Annotations

Branches:
Dungeon (8/15)             Temple (1/1) D:7
   Lair: D:8-11

Altars:
Ashenzari
Cheibriados
Dithmenos
Elyvilon
Fedhas
Gozag
Hepliaklqana
Kikubaaqudgha
Makhleb
Nemelex Xobeh
Okawaru
Qazlal
Ru
Sif Muna
Trog
Uskayaw
Vehumet
Wu Jian
Xom
Yredelemnul
Zin
The Shining One

Annotations:
D:4 1 runed translucent door, Crazy Yiuf


Message History

You shoot an arrow. The arrow barely misses the death yak.
The arrow hits the death yak!
The arrow burns the death yak.
The death yak is lightly wounded.
The death yak completely misses you.
You shoot an arrow. The arrow hits the death yak!
The arrow burns the death yak.
The death yak is almost dead.
The death yak barely misses you.
You shoot an arrow. The arrow hits the death yak!!!
The arrow burns the death yak.
You kill the death yak!
Okawaru is honoured by your kill.
You can now gain great but temporary skills.
The death yak closely misses you. The death yak gores you!
You have reached level 10!
You shoot an arrow. The arrow hits the death yak!
The arrow burns the death yak.
The death yak is moderately wounded.
The death yak gores you! The death yak barely misses you.
You furiously retaliate!
You headbutt the death yak. You shoot an arrow. The arrow hits the death yak.
The arrow burns the death yak.
The death yak is heavily wounded.
You feel a little less mighty now.
You shoot an arrow. The arrow hits the death yak!
The arrow burns the death yak.
The death yak is heavily wounded.
The death yak gores you but does no damage. x2
You shoot an arrow. The arrow hits the death yak!!
The arrow burns the death yak.
The death yak is almost dead.
The death yak gores you. The death yak misses you.
You shoot an arrow. The arrow hits the death yak.
The arrow burns the death yak.
The death yak is almost dead.
The death yak gores you!! The death yak gores you!
You shoot an arrow. The arrow hits the death yak!
The arrow burns the death yak.
You kill the death yak!
Okawaru is honoured by your kill. The death yak barely misses you.
Your base Ranged Weapons skill increases to level 13!
Your Invocations skill gained 2 levels and is now at level 2!
You shoot an arrow. The arrow barely misses the death yak.
The river rat completely misses you. The death yak gores you!!
You die...

.. ..## ...#... #
..#..#### .#
.......##.##
####..........
...........#
#.####....%r.#
..........@Y%#
#.####.<##!#.%....
#..##.# #..##
......$. ...
#.###.###.( . ..
#.# ... #. #..
..#. # ### .....


You could see a death yak and a river rat.

Vanquished Creatures
  2 death yaks (D:8)
  Grinder (D:4)
  Sigmund (D:2)
  Eustachio (D:4)
  Menkaure (D:4)
  Edmund (D:4)
  A water moccasin (D:6)
  Duvessa (D:6)
  An orc warrior (D:6)
  A black bear (D:7)
  An ice beast (D:7)
  2 ogres
  2 centaurs
  4 bullfrogs
  2 gnoll sergeants
  2 scorpions (D:5)
  Dowan (D:6)
  10 killer bees
  4 jellies
  2 hounds
  6 orc priests
  Terence (D:3)
  An iguana (D:6)
  2 sleepcaps
  8 orc wizards
  11 gnolls
  6 adders
  A white imp (D:6)
  A worm (D:3)
  2 dart slugs
  18 orcs
  13 ball pythons
  4 bats
  6 endoplasms
  4 giant cockroaches
  7 goblins
  5 hobgoblins
  2 jackals (D:5)
  8 kobolds
  6 quokkas
  3 frilled lizards
  8 rats
164 creatures vanquished.

Notes
Turn   | Place    | Note
-------+----------+-------------------------------------------
     0 | D:1      | qw the Minotaur Hexslinger began the quest for the Orb.
     0 | D:1      | Reached XP level 1. HP: 16/16 MP: 1/1
     0 | D:1      | 0 ||| qw: Version: 0.3-a-52-g30416fa
     0 | D:1      | 0 ||| qw: Game counter: 7429
     0 | D:1      | 0 ||| qw: Melee chars always use a shield: true
     0 | D:1      | 0 ||| qw: God list: Okawaru
     0 | D:1      | 0 ||| qw: Allow faded altars: false
     0 | D:1      | 0 ||| qw: Do Orc after clearing Dungeon:15 true
     0 | D:1      | 0 ||| qw: Do second Lair branch before Depths: true
     0 | D:1      | 0 ||| qw: Lair rune preference: random
     0 | D:1      | 0 ||| qw: Goals: Normal
     0 | D:1      | 0 ||| PLANNING D:1-11
    10 | D:1      | 10 ||| FLEEEEING.
    11 | D:1      | 11 ||| FLEEEEING.
    12 | D:1      | 12 ||| FLEEEEING.
    13 | D:1      | 13 ||| FLEEEEING.
    62 | D:1      | Reached skill level 3 in Ranged Weapons
    81 | D:1      | Reached XP level 2. HP: 23/23 MP: 2/2
   693 | D:1      | 693 ||| UPGRADING to +0 ring mail.
   703 | D:1      | 703 ||| DROPPING +0 robe.
   704 | D:1      | 704 ||| READING scroll labelled GETECRIOFE.
   709 | D:1      | 709 ||| READING scroll labelled RUDEONK DIKIH.
   710 | D:1      | 710 ||| READING scroll labelled EROIJEDOITZ.
   710 | D:1      | Identified a scroll of acquirement
   710 | D:1      | 710 ||| ACQUIRING +3 longbow of flaming
   710 | D:1      | Acquired a +3 longbow of flaming
   712 | D:1      | 712 ||| SWAPPING to +3 longbow of flaming.
   713 | D:1      | 713 ||| DROPPING +1 sling.
   714 | D:1      | 714 ||| DROPPING scroll of poison.
   740 | D:2      | Reached XP level 3. HP: 29/29 MP: 3/3
   761 | D:2      | Reached skill level 4 in Ranged Weapons
   765 | D:2      | Reached skill level 1 in Armour
   792 | D:2      | Noticed Sigmund
   797 | D:2      | Killed Sigmund
   798 | D:2      | Reached skill level 6 in Ranged Weapons
   798 | D:2      | Reached XP level 4. HP: 30/36 MP: 4/4
   798 | D:2      | Reached XP level 5. HP: 34/41 MP: 5/5
   827 | D:2      | 827 ||| READING scroll of acquirement.
   827 | D:2      | 827 ||| ACQUIRING +2 hat of the Endless Expanse {Str+5}
   827 | D:2      | Acquired the +2 hat of the Endless Expanse {Str+5}
   829 | D:2      | 829 ||| UPGRADING to +2 hat of the Endless Expanse {Str+5}.
  1011 | D:2      | Identified the +0 ring mail "Kiaqehea" {+Blink rC- Regen+
                  | Dex+8}
  1212 | D:2      | 1212 ||| UPGRADING to +0 ring mail "Kiaqehea" {+Blink rC-
                  | Regen+ Dex+8}.
  1222 | D:2      | 1222 ||| DROPPING +0 ring mail.
  1231 | D:3      | Reached skill level 3 in Fighting
  1233 | D:3      | Reached XP level 6. HP: 51/51 MP: 6/6
  1234 | D:3      | 1234 ||| STAIRDANCE
  1334 | D:3      | Noticed Terence
  1343 | D:3      | HP: 6/52 [Terence/+3 heavy flail (13)]
  1344 | D:3      | 1344 ||| READING 2 scrolls of teleportation.
  1349 | D:3      | 1349 ||| READING scroll of teleportation.
  1393 | D:3      | 1393 ||| Stepping ~*~*~tactically~*~*~ (outnumbered).
  1395 | D:3      | Reached skill level 3 in Dodging
  1481 | D:3      | 1481 ||| READING scroll labelled RAOJISE HAKEWK.
  1483 | D:3      | Identified the +1 leather armour "Qocu" {Harm Str-2 Int+3
                  | Stlth+}
  1752 | D:3      | HP: 13/52 [Terence/+3 heavy flail (10)]
  1753 | D:3      | Killed Terence
  1813 | D:3      | 1813 ||| READING scroll labelled OTSOTA SAHI.
  1814 | D:3      | 1814 ||| READING scroll labelled HAKEWA BIRYNG.
  1815 | D:3      | 1815 ||| DRINKING 2 red potions.
  1873 | D:4      | Found a runed translucent door.
  1874 | D:4      | Noticed Crazy Yiuf
  1910 | D:4      | Reached skill level 7 in Ranged Weapons
  1910 | D:4      | Reached XP level 7. HP: 59/59 MP: 7/7
  1931 | D:4      | Noticed Edmund
  1937 | D:4      | Noticed Menkaure
  1939 | D:4      | Killed Edmund
  1942 | D:4      | Killed Menkaure
  1943 | D:4      | Reached skill level 8 in Ranged Weapons
  1949 | D:4      | Noticed Eustachio
  1953 | D:4      | Killed Eustachio
  2104 | D:4      | Noticed Grinder
  2104 | D:4      | Paralysed by Grinder for 4 turns
  2113 | D:4      | Killed Grinder
  2114 | D:4      | Reached skill level 9 in Ranged Weapons
  2114 | D:4      | Reached XP level 8. HP: 61/68 MP: 8/8
  2529 | D:4      | 2529 ||| UPGRADING to ring of positive energy.
  2544 | D:5      | Entered Level 5 of the Dungeon
  2619 | D:5      | Found a bloodstained altar of Trog.
  2619 | D:5      | Found a burning altar of Makhleb.
  2620 | D:5      | Found a glowing silver altar of Zin.
  2660 | D:5      | Found a radiant altar of Vehumet.
  2678 | D:5      | Reached skill level 6 in Fighting
  2721 | D:5      | Found a sacrificial altar of Ru.
  3062 | D:5      | 3062 ||| READING scroll labelled DYUT WER HOYFIPN.
  3089 | D:5      | 3089 ||| READING 2 scrolls of identify.
  3089 | D:5      | 3089 ||| IDENTIFYING yellow potion
  3115 | D:6      | 3115 ||| STAIRDANCE
  3333 | D:6      | Reached skill level 10 in Ranged Weapons
  3519 | D:6      | Found a hazy altar of Hepliaklqana.
  3526 | D:6      | HP: 14/70 [orc warrior/+5 flail (13)]
  3527 | D:6      | 3527 ||| DRINKING potion of heal wounds.
  3553 | D:6      | Found a faded altar of an unknown god.
  3650 | D:6      | Reached XP level 9. HP: 79/79 MP: 9/9
  3765 | D:6      | Noticed Duvessa
  3769 | D:6      | Killed Duvessa
  3769 | D:6      | Noticed Dowan
  3770 | D:6      | Reached skill level 11 in Ranged Weapons
  3772 | D:6      | Killed Dowan
  3808 | D:6      | 3808 ||| READING scroll labelled PYKHLE VIUS.
  3809 | D:6      | 3809 ||| DRINKING 2 green potions.
  3810 | D:6      | 3810 ||| DRINKING 2 fizzy white potions.
  3811 | D:6      | 3811 ||| READING 2 scrolls of identify.
  3811 | D:6      | 3811 ||| IDENTIFYING golden potion
  3812 | D:6      | 3812 ||| DROPPING potion of degeneration.
  3813 | D:6      | 3813 ||| DROPPING potion of attraction.
  3998 | D:7      | Identified the +1 robe of Myjuis {Dex+3}
  4013 | D:7      | Reached skill level 6 in Dodging
  4027 | D:7      | Found a staircase to the Ecumenical Temple.
  4028 | D:7      | 4028 ||| PLANNING TEMPLE
  4052 | Temple   | Entered the Ecumenical Temple
  4112 | Temple   | 4112 ||| PLANNING OKAWARU WORSHIP
  4181 | Temple   | Became a worshipper of Warmaster Okawaru
  4182 | Temple   | 4182 ||| PLANNING D:1-11
  4483 | D:7      | Reached skill level 12 in Ranged Weapons
  4738 | D:7      | 4738 ||| Stepping ~*~*~tactically~*~*~ (outnumbered).
  4742 | D:7      | 4742 ||| Stepping ~*~*~tactically~*~*~ (outnumbered).
  4743 | D:7      | Reached * piety under Okawaru
  4746 | D:7      | 4746 ||| INVOKING Heroism.
  4945 | D:7      | 4945 ||| Stepping ~*~*~tactically~*~*~ (outnumbered).
  5231 | D:7      | 5231 ||| DRINKING 2 pink potions.
  5232 | D:7      | 5232 ||| READING 3 scrolls of identify.
  5232 | D:7      | 5232 ||| IDENTIFYING cyan potion
  5233 | D:7      | 5233 ||| READING 2 scrolls of identify.
  5233 | D:7      | 5233 ||| IDENTIFYING viscous pink potion
  5234 | D:7      | 5234 ||| DROPPING potion of brilliance.
  5267 | D:8      | Noticed a death yak
  5271 | D:8      | Noticed a death yak
  5272 | D:8      | Noticed a death yak
  5276 | D:8      | 5276 ||| INVOKING Heroism.
  5279 | D:8      | Killed a death yak
  5280 | D:8      | Reached XP level 10. HP: 66/88 MP: 7/10
  5284 | D:8      | HP: 20/88 [death yak (13)]
  5285 | D:8      | Killed a death yak
  5285 | D:8      | Reached ** piety under Okawaru
  5286 | D:8      | Reached skill level 13 in Ranged Weapons
  5286 | D:8      | Slain by a death yak

Levels and vault maps discovered:
D:1:      dpeg_arrival_ratfight, layout_loops_ring
D:2:      layout_rooms, nicolae_concentric_dashed_squares_wild, uniq_sigmund
D:3:      layout_rooms, serial_corexii_hall, corexii_hall_statues_deadend,
          corexii_hall_statues_deadend, kennysheep_crisscross,
          kennysheep_generic_room_3, uniq_terence
D:4:      layout_loops_ring, minmay_misc_feat_secret_circle,
          kennysheep_generic_room_15, uniq_crazy_yiuf_cottage, uniq_edmund,
          uniq_menkaure, uniq_grinder, uniq_eustachio
D:5:      layout_basic, mainiacjoe_overflow_cross_hatched,
          nicolae_overflow_quartered_altars
D:6:      layout_loops_ring, beargit_hepliaklqana_dungeon_heroes, uniq_duvessa
D:7:      layout_loops_cross, minmay_temple_entry_glassed_door,
          serial_co_window_serial, co_window_of_opportunity_a,
          co_window_of_opportunity_a, co_window_corner_a, co_window_paths_b,
          co_window_corner_a, co_window_2corner, co_window_corner_cb,
          co_window_corner_b, co_window_paths_c, co_window_sun,
          co_window_4corner_a, glass_columns_b, glass_columns_a
D:8:      layout_loops_cross, dpeg_lair_monsters, minivault_22,
          minmay_hedge_maze, kennysheep_generic_room_13
Temple:   kb_temple_of_zot

Skill      XL: |  1  2  3  4  5  6  7  8  9 10 |
---------------+-------------------------------+-----
Ranged Weapons | 3 6 7 9 10 12 13 | 13.0
Fighting       | 2 3 4 5 7 8 |  8.2
Armour         | 1 2 |  2.4
Dodging        | 3 5 6 |  6.0
Invocations    | 2 |  2.2
Spellcasting   | |  1.0
Hexes          | |  2.0

Action                     |  1- 3 |  4- 6 |  7- 9 | 10-12 || total
---------------------------+-------+-------+-------+-------++-------
   Fire: Sling             |    62 |       |       |       ||    62
         Longbow           |    26 |    83 |   204 |     7 ||   320
 Invoke: Heroism           |       |       |     2 |       ||     2
    Use: Scroll            |     3 |     6 |     6 |       ||    15
         Potion            |       |     1 |     4 |       ||     5
 Armour: Robe              |     9 |       |       |       ||     9
         Ring mail         |     6 |     8 |    20 |     2 ||    36
  Dodge: Dodged            |    21 |    18 |    98 |     4 ||   141

Table legend:
 A = Non-vault XP
 B = Vault XP
 C = Vault XP percentage of total XP
 D = Non-vault monster count
 E = Vault monster count
 F = Vault count percentage of total count
                 A         B        C        D         E       F
            +---------+---------+-------+---------+---------+-------
      Total |    3490 |    3090 |  47.0 |     143 |      21 |  12.8
            +---------+---------+-------+---------+---------+-------
        D:1 |      34 |       5 |  12.8 |      19 |       5 |  20.8
        D:2 |      79 |     223 |  73.8 |      20 |       1 |   4.8
        D:3 |     311 |      43 |  12.1 |      27 |       2 |   6.9
        D:4 |     204 |     825 |  80.2 |      15 |       6 |  28.6
        D:5 |     322 |       0 |   0.0 |      11 |       0 |   0.0
        D:6 |    1216 |     347 |  22.2 |      23 |       3 |  11.5
        D:7 |    1216 |       0 |   0.0 |      27 |       0 |   0.0
        D:8 |     108 |    1647 |  93.8 |       1 |       4 |  80.0
            +---------+---------+-------+---------+---------+-------
